AoeStats
← Heredero

Golden Pit

508068380Analyzed
1v1 RM · 10d ago on Sep 20, 2026· 27m 29s· 2 players
Game mode
Random Map
Map size
Tiny (2 player)
Population
200
Speed
Normal
Resources
Standard
Victory
Conquest
Starting age
Dark Age
Ending age
Imperial Age
RankedLock teamsTeams togetherTeam positionsShared explorationLock speedFull tech treeHidden civsTurbo modeCheats
Victory
Defeat
🇦🇷 Hindustanis · Argentina
1412
+14
🇦🇷 Berbers · Argentina
1358
-14
ZePP
7:08 Loom
9:33 Feudal Age
10:07 Double-Bit Axe
10:03 Man-at-Arms
12:41 Wheelbarrow
21:08 Castle Age
19:55 Scale Barding Armor
19:59 Fletching
21:10 Town Watch
21:47 Bodkin Arrow
21:13 Crossbowman
21:15 Long Swordsman
22:10 Bow Saw
22:28 Squires
23:04 Padded Archer Armor
24:24 Arson
25:12 Bloodlines
25:25 Chain Barding Armor
Heredero
7:18 Loom
9:39 Feudal Age
10:41 Double-Bit Axe
14:02 Town Watch
23:43 Castle Age
Connection lost

Rejoining the realm…

Still unreachable

The connection could not be restored.

Session expired

The server has moved on; the page needs a fresh start.